 Dungeon Sprint DCSS version 0.27-a0-406-g23f261fbd2 (webtiles) character file.

Game seed: 7060075845787983181

43 mhtbhm the Skirmisher (level 3, 0/57 HPs)
             Began as a Hill Orc Berserker on Feb 23, 2021.
             Was an Elder of Trog.
             Slain by a flying skull (1 damage)
             ... in the Dungeon (Sprint VII: "The Pits").
             The game lasted 00:00:55 (386 turns).

mhtbhm the Skirmisher (Hill Orc Berserker)           Turns: 386, Time: 00:00:56

Health: 0/57       AC:  8    Str: 20    XL:     3   Next: 58%
Magic:  3/3        EV: 11    Int:  7    God:    Trog [****..]
Gold:   0          SH:  0    Dex: 10    Spells: 2/2 levels left

rFire    . . .     SeeInvis .   a - +1 hand axe (vorpal)
rCold    . . .     Faith    .   (no shield)
rNeg     . . .     Spirit   .   b - +3 ring mail
rPois    .         Reflect  .   (no helmet)
rElec    .         Harm     .   (no cloak)
rCorr    .         Rampage  .   (no gloves)
Will     .....     NoTele   +   (no boots)
Stlth    ..........             (no amulet)
HPRegen  0.19/turn              (no ring)
MPRegen  0.08/turn              (no ring)

@: berserking (expiring), very quick
A: no striking features
a: Renounce Religion, Berserk, Trog's Hand, Brothers in Arms


You were in the Dungeon.
You worshipped Trog.
Trog was greatly pleased with you.
You visited 1 branch

Inventory:

Hand Weapons
 a - a +1 vorpal hand axe (weapon)
Armour
 b - a +3 ring mail (worn)
Scrolls
 h - a scroll of blinking
 j - a scroll of summoning
Potions
 c - 5 potions of curing
 d - 6 potions of heal wounds
 e - a potion of haste
 f - 4 potions of magic
 g - 3 potions of berserk rage
 i - 2 potions of invisibility


   Skills:
 + Level 6.4 Fighting
 + Level 6.2 Axes
 + Level 3.2 Armour
 + Level 2.4 Dodging
 + Level 0.7 Stealth


You had 2 spell levels left.
You didn't know any spells.
Your spell library was empty.

Dungeon Overview and Level Annotations

Branches:
Dungeon (1/1)

Altars:
Cheibriados
Dithmenos
Elyvilon
Fedhas
Gozag
Hepliaklqana
Makhleb
Nemelex Xobeh
Okawaru
Qazlal
Ru
Sif Muna
Trog
Wu Jian
Xom
Yredelemnul
Zin
The Shining One
Jiyva


Message History

You barely miss the gnoll. The flying skull barely misses you.
The gnoll barely misses you.
Unknown command.
You hit the flying skull but do no damage.
The flying skull is heavily damaged.
You hit the gnoll.
The flying skull hits you but does no damage.
The gnoll barely misses you.
A gnoll comes into view. It is wielding a +0 halberd.
The gnoll hits you but does no damage.
You barely miss the flying skull.
The flying skull is heavily damaged.
You barely miss the gnoll.
The gnoll shouts!
The flying skull misses you. The gnoll hits you but does no damage.
You miss the flying skull.
The flying skull is heavily damaged.
You hit the gnoll.
You kill the gnoll!
Trog accepts your kill. The flying skull hits you.
* * * LOW HITPOINT WARNING * * *
The gnoll hits you from afar with a +0 spear.
* * * LOW HITPOINT WARNING * * *
Your Axes skill increases to level 6!
You miss the flying skull.
The flying skull is heavily damaged.
The flying skull hits you but does no damage.
The gnoll hits you from afar with a +0 spear.
* * * LOW HITPOINT WARNING * * *
You closely miss the flying skull.
The flying skull is heavily damaged.
The flying skull hits you.
* * * LOW HITPOINT WARNING * * *
Unknown command.
The flying skull hits you.
* * * LOW HITPOINT WARNING * * *
You feel a strong urge to attack something.
The flying skull hits you.
You die...

#.#..#..#..##.....
#.#..†..#))#####'#
#.#..####))##.....
#.#..#..#))##.....
#.#..#..#[.##.....
#.##'#).#'###...<.
#.#...†....##.....
#.#........##.....
#@###########.....
#.zZbg..# ######
#.###...# #g# .#
#.# #5. #.. #...
####


You could see a gnoll sergeant, a flying skull, a quasit, a gnoll, a bat and a
ball python skeleton.

Vanquished Creatures
  An adder (D)
  2 gnolls (D)
  An ooze (D)
  2 bats (D)
  2 kobolds (D)
  2 ball pythons (D)
  A frilled lizard (D)
  2 rats (D)
13 creatures vanquished.

Notes
Turn   | Place    | Note
-------+----------+-------------------------------------------
     0 | D        | mhtbhm the Hill Orc Berserker began the quest for the Orb.
     0 | D        | Reached XP level 1. HP: 19/19 MP: 1/1
    68 | D        | Reached ** piety under Trog
    69 | D        | Reached skill level 5 in Fighting
    69 | D        | Reached skill level 5 in Axes
    69 | D        | Reached XP level 2. HP: 5/29 MP: 2/2
   282 | D        | Reached *** piety under Trog
   341 | D        | Found a bloodstained altar of Trog.
   341 | D        | Found a shimmering blue altar of Sif Muna.
   341 | D        | Found a viscous altar of Jiyva.
   341 | D        | Found a hazy altar of Hepliaklqana.
   341 | D        | Found an opulent altar of Gozag.
   342 | D        | Found a glowing golden altar of the Shining One.
   342 | D        | Found a glowing silver altar of Zin.
   342 | D        | Found a basalt altar of Yredelemnul.
   342 | D        | Found a shimmering altar of Xom.
   342 | D        | Found an ornate altar of the Wu Jian Council.
   342 | D        | Found a sacrificial altar of Ru.
   342 | D        | Found a stormy altar of Qazlal.
   342 | D        | Found an iron altar of Okawaru.
   342 | D        | Found a sparkling altar of Nemelex Xobeh.
   342 | D        | Found a burning altar of Makhleb.
   342 | D        | Found a blossoming altar of Fedhas.
   342 | D        | Found a white marble altar of Elyvilon.
   342 | D        | Found a shadowy altar of Dithmenos.
   342 | D        | Found a snail-covered altar of Cheibriados.
   367 | D        | Noticed a flying skull
   372 | D        | Reached **** piety under Trog
   373 | D        | Reached XP level 3. HP: 37/37 MP: 3/3
   376 | D        | Noticed a gnoll sergeant
   385 | D        | HP: 1/57 [flying skull (2)]
   386 | D        | Slain by a flying skull

Illustrated notes

Levels and vault maps discovered:
D:        pitsprint [storerooms_1, entrance_room_1, metal_vault_4, armoury_3,
          mini_pit_1, grid_room_1, main_hall_1, silver_pit, the_coven_3,
          the_vestibule_1, steel_vault_5, golden_pit, hallway_of_sentries,
          crystal_vault_5, iron_vault_4, final_vault]

Skill      XL: |  1  2  3 |
---------------+----------+-----
Fighting       | 5 6 |  6.4
Axes           | 5 6 |  6.2
Dodging        | 2 |  2.4
Armour         | 3 |  3.2
Stealth        | |  0.7

Action                   || total
-------------------------++-------
Melee: Hand axe          ||    39
Invok: Berserk           ||     3
  Use: Potion            ||     1
Armor: Animal skin       ||     6
       Ring mail         ||     7
Dodge: Dodged            ||    21

Table legend: (Time is in decaauts)
 A = Elapsed time spent in this place.
 B = Non-inter-level travel time spent in this place.
 C = Inter-level travel time spent in this place.
 D = Time resting spent in this place.
 E = Time spent auto-exploring this place.
 F = Levels seen in this place.
 G = Mean time per level.
                   A        B        C        D        E       F      G
               +--------+--------+--------+--------+--------+-----+--------+
         Total |    401 |    401 |      0 |    205 |     25 |   1 |  401.0 |
       Dungeon |    401 |    401 |      0 |    205 |     25 |   1 |  401.0 |
               +--------+--------+--------+--------+--------+-----+--------+

Top non-repeatable levels by time:
       D: 401 daAuts
